[Event "*** Titled Tuesday Blitz"]
[Site "Chess.com"]
[Date "2020.04.07"]
[Round "3"]
[White "Sawyer2908"]
[Black "imdarealist"]
[Result "1-0"]
[WhiteElo "2532"]
[BlackElo "2222"]
[TimeControl "180+1"]
[EndTime "13:31:10 PDT"]
[Termination "Sawyer2908 won by resignation"]

1. e4 e5 2. Nc3 Nf6 3. Bc4 Bb4 4. d3 h6 5. Ne2 d6 6. O-O O-O 7. a3 Bc5 8. Na4 Bb6 9. Nxb6 axb6 10. f4 Be6 11. Bxe6 fxe6 12. fxe5 dxe5 13. Kh1 Nc6 14. Ng3 Qe7 15. Be3 Rad8 16. h3 Kh7 17. Nh5 Nxh5 18.
Qxh5 Rxf1+ 19. Rxf1 Rf8 20. Rf3 Rxf3 21. Qxf3 Qf6 22. Qxf6 gxf6 23. c3 f5 24. Kg1 Kg6 25.
Kf2 h5 26. Kf3 Na5 27. b4 Nc6 28. g4 hxg4+ 29. hxg4 Ne7 30. Bf2 Kg5 31. gxf5 exf5 32. Bg3 f4 33. Bf2 Ng6 34. d4 b5 35. Be1 c6 36. d5 Nf8 37. Bf2 Kf6 38. Bc5 Nd7 39. Bf2 Ke7 40. dxc6 bxc6 41. Kg4 Kd6 42. Kf5 Nf8 43. Bh4 Nd7 44. Bf2 Kc7 45. Ke6 Kc8 46.
Kd6 Kd8 47. Kxc6 Nf6 48. Bh4 Ke7 49. Kxb5 Ke6 50. a4 Nxe4 51. a5 Nxc3+ 52. Kc6 Nd5 53.
b5 Nb4+ 54. Kb7 e4 55. a6 Nxa6 56.
bxa6 f3 57. a7 e3 58. a8=Q f2 59. Qe8+ Kd5 60. Bxf2 exf2 61. Qf7+ 1-0

[Event "*** Titled Tuesday Blitz"]
[Site "Chess.com"]
[Date "2020.04.07"]
[Round "3"]
[White "Willychess95"]
[Black "WPWPWP-2015"]
[Result "1-0"]
[WhiteElo "2615"]
[BlackElo "2391"]
[TimeControl "180+1"]
[EndTime "13:31:12 PDT"]
[Termination "Willychess95 won by resignation"]

1. e4 e5 2. Nf3 Nc6 3. Bc4 Nf6 4. Ng5 d5 5. exd5 Na5 6. Bb5+ c6 7. dxc6 bxc6 8. Qf3 Be7 9. Bd3 O-O 10. O-O h6 11. Ne4 Nd5 12. Ng3 Nf4 13. Bf5 Ba6 14. Re1 Bd6 15. d3 g6 16. Be4 Qc7 17. Bd2 f5 18.
Bxa5 Qxa5 19. Nc3 fxe4 20. Ngxe4 Qc7 21. Nxd6 Qxd6 22. Ne4 Qd5 23. Rad1 Bc8 24. Qe3 Kh7 25. f3 Bf5 26. Nf2 Rae8 27. Qxa7+ Rf7 28. Qe3 Bc8 29. b3 c5 30. c3 Bf5 31. d4 cxd4 32. cxd4 Ne6 33.
dxe5 Qa5 34. Qd2 Qxd2 35. Rxd2 Ra7 36. g3 h5 37. h4 Nc5 38. f4 Be6 39. Rc1 Rc7 40. Rdc2 Rec8 41. Ne4 Na6 42. Rxc7+ Rxc7 43. Ng5+ Kg8 44. Rd1 Bf5 45. Rd6 Nc5 46. Kf2 Ne4+ 47. Nxe4 Bxe4 48. Ke3 Bf5 49. Kd4 Rc2 50. a4 Rd2+ 51.
Kc5 Rc2+ 52. Kb4 Rg2 53. a5 Rxg3 54. Ka4 Rg4 55. a6 Rxf4+ 56. Ka5 Rxh4 57. a7 Be4 58. Rd4 Rh1 59. Rxe4 Ra1+ 60. Ra4 Rxa4+ 61. bxa4 1-0

[Event "*** Titled Tuesday Blitz"]
[Site "Chess.com"]
[Date "2020.04.07"]
[Round "3"]
[White "Eloist"]
[Black "AlleyOoper"]
[Result "0-1"]
[WhiteElo "2262"]
[BlackElo "2490"]
[TimeControl "180+1"]
[EndTime "13:31:12 PDT"]
[Termination "AlleyOoper won by resignation"]

1. e4 c6 2. Nf3 d5 3. Nc3 dxe4 4. Nxe4 Nf6 5. Qe2 Nxe4 6. Qxe4 Nd7 7. Bc4 Nf6 8. Ne5 e6 9. Qe2 Qc7 10. O-O b5 11. Bb3 Bd6 12. d4 O-O 13. a4 a6 14.
Bg5 Nd5 15. Nf3 Nf4 16. Qd2 h6 17. Bh4 Bb7 18. c4 c5 19. dxc5 Qxc5 20. Qe3 bxc4 21. Qxc5 Bxc5 22. Bxc4 Rfc8 23. Rac1 Bxf3 24. gxf3 Bd4 25.
b3 Ng6 26. Bg3 Ne5 27. Be2 a5 28. f4 Nc6 29. Bf3 Ra6 30. Rc4 Bb2 31. Rd1 Ba3 32.
Rd2 Rc7 33. Rdc2 Nd4 34. Rxc7 Nxf3+ 35. Kg2 Ne1+ 36. Kf1 Nxc2 37. Rxc2 Rb6 38. Rc3 Bb2 39. Rd3 Ba3 40. Ke2 Bb4 41. Ke3 f5 42. Kd4 Kf7 43.
Kc4 Rc6+ 44. Kb5 Rc5+ 45. Kb6 Rc8 46. Kb7 Rc3 47. Rxc3 Bxc3 48. f3 Bd2 49. Kb6 Kf6 50.
h3 Ke7 51. Bf2 Kd6 52. Bd4 g6 53. Be5+ Kd5 54. Kb5 g5 55. Bc7 gxf4 56. Bxa5 Be3 57. Bc3 e5 58. a5 e4 59. a6 exf3 60. Be1 f2 61. Bxf2 Bxf2 62. b4 Ba7 63. Ka5 f3 64.
b5 Kc5 65. b6 Bxb6+ 66. Ka4 Ba7 67. Kb3 f2 68. Kc3 f1=Q 69. Kd2 Qc4 0-1

[Event "*** Titled Tuesday Blitz"]
[Site "Chess.com"]
[Date "2020.04.07"]
[Round "3"]
[White "Kaua18"]
[Black "Pudor"]
[Result "1-0"]
[WhiteElo "2168"]
[BlackElo "2358"]
[TimeControl "180+1"]
[EndTime "13:31:12 PDT"]
[Termination "Kaua18 won by resignation"]

1. e4 c5 2. Nf3 Nc6 3. d4 cxd4 4. Nxd4 Qc7 5. Be2 Nf6 6. Nc3 e6 7. O-O a6 8. Be3 Be7 9. a4 O-O 10. Kh1 d6 11. f4 Rd8 12. Nb3 b6 13. Bf3 Bb7 14.
Qe1 Nb4 15. Qf2 Nd7 16. Rad1 Nc5 17. Rd4 Nc6 18. Rd2 Bf6 19. g4 Rac8 20. g5 Bxc3 21. bxc3 Nxa4 22. Ra1 b5 23. Rxa4 bxa4 24. Bb6 Qb8 25.
Bxd8 axb3 26. Bb6 b2 27. Rd1 Ne7 28. Rb1 Rxc3 29. Bd4 Rc8 30. Rxb2 Qa8 31. Qg2 Nc6 32. Bf2 Na5 33. Kg1 Nc4 34. Ra2 Nd2 35. Ra4 Rxc2 36. Be3 Nxf3+ 37. Qxf3 Qc8 38. Ra1 Rc4 39. Qd1 Bxe4 40.
Qxd6 Bb7 41. Rd1 g6 42. Bd4 Rc6 43. Qe7 Rc2 44. Bf2 Bd5 45. Qf6 Kf8 46. Qh8+ Ke7 47. Qf6+ Kf8 48. Ra1 Be4 49. Bd4 Rc1+ 50. Kf2 Rc2+ 51.
Ke3 Rc3+ 52. Kxe4 Re3+ 53. Kxe3 Qc3+ 54. Bxc3 Ke8 55. Qh8+ 1-0

[Event "*** Titled Tuesday Blitz"]
[Site "Chess.com"]
[Date "2020.04.07"]
[Round "3"]
[White "Volodar_Murzin"]
[Black "GHANDEEVAM2003"]
[Result "1/2-1/2"]
[WhiteElo "2686"]
[BlackElo "2966"]
[TimeControl "180+1"]
[EndTime "13:31:13 PDT"]
[Termination "Game drawn by repetition"]

1. e4 e6 2. d4 d5 3. Nc3 Nf6 4.
e5 Ne4 5. Nce2 f6 6. f3 Ng5 7. f4 Ne4 8. Nf3 c5 9. c3 Nc6 10. Be3 Qb6 11. Qb3 Bd7 12. Ng3 cxd4 13. Qxb6 axb6 14.
Nxd4 Bc5 15. Nxe4 dxe4 16. exf6 gxf6 17. Nc2 Ke7 18. a3 e5 19. fxe5 Nxe5 20. Be2 Nd3+ 21.
Bxd3 exd3 22. Nd4 Bc6 23. O-O Rhg8 24. g3 Kf7 25. Rad1 Be4 26. Rf4 Rae8 27. Kf2 Rg5 28. Rxe4 Rxe4 29. Bxg5 Bxd4+ 30. cxd4 fxg5 31. Rxd3 Ke6 32.
Rb3 Kd5 33. Rxb6 Re7 34. Rb4 g4 35. Rb5+ Kc4 36. Rb4+ Kd5 37. a4 h5 38. a5 Ke4 39.
Rb5 Rc7 40. Rc5 Rf7+ 41. Ke2 Rh7 42. d5 Kd4 43. Rb5 Kc4 44. Rb6 Kxd5 45. Kd3 h4 46. gxh4 Rxh4 47. Rxb7 Rh3+ 48. Kc2 Rxh2+ 49. Kb3 g3 50. a6 Kc6 51. Rg7 Kb6 52. a7 Rh8 53.
Kb4 g2 54. Rxg2 Kxa7 55. Rg7+ Kb6 56. Rg6+ Kb7 57. Ka4 Rh5 58. b4 Rf5 59. Re6 Rg5 60.
Re4 Rf5 61. Re6 Rg5 62. Kb3 Rg4 63. Kc3 Rh4 64. Rd6 Rh3+ 65. Kc4 Rh5 66. Rd5 Rxd5 67. Kxd5 Kb6 68. Kc4 Kc6 69. b5+ Kb6 70. Kb4 Kb7 71.
Kc5 Kc7 72. b6+ Kb7 73. Kb5 Kb8 74. Ka6 Ka8 75. Ka5 Kb7 76. Kb5 Kb8 77. Kc5 Kb7 78. Kb5 1/2-1/2

[Event "*** Titled Tuesday Blitz"]
[Site "Chess.com"]
[Date "2020.04.07"]
[Round "3"]
[White "AustrianFalcon"]
[Black "Chessmatus"]
[Result "1-0"]
[WhiteElo "2606"]
[BlackElo "2370"]
[TimeControl "180+1"]
[EndTime "13:31:13 PDT"]
[Termination "AustrianFalcon won by resignation"]

1. e4 e5 2. Nf3 Nc6 3. Bb5 Nf6 4. O-O Nxe4 5. Re1 Nd6 6. Nxe5 Be7 7. Bf1 Nxe5 8. Rxe5 O-O 9. d4 Bf6 10. Re1 Nf5 11. d5 Re8 12. Nd2 d6 13. c3 Bg5 14.
Ne4 Bxc1 15. Rxc1 Bd7 16. Qd2 Qh4 17. g3 Qh6 18. f4 Qg6 19. Ng5 h6 20. Nf3 Qf6 21.
Rxe8+ Rxe8 22. Re1 Rxe1 23. Qxe1 Qe7 24. Kf2 Qxe1+ 25. Nxe1 h5 26. Nc2 Kf8 27. Bd3 Ne7 28.
Ne3 c6 29. dxc6 bxc6 30. b4 g6 31. a4 Ke8 32. Nc4 Nc8 33. a5 Kd8 34. Nd2 Kc7 35.
Ne4 Bf5 36. Ke3 d5 37. Ng5 Bxd3 38. Kxd3 Nd6 39. Kd4 Nb5+ 40. Kd3 Nd6 41. Nf3 Kd7 42. Ne5+ Kc7 43. h3 Kb7 44. g4 hxg4 45. hxg4 Kc7 46. g5 Kb7 47. c4 dxc4+ 48. Nxc4 Nf5 49. Ne5 Nd6 50. Kd4 Kc7 51. Kc5 Nb7+ 52. Kd4 Nd6 53. Nd3 Kd7 54. Nc5+ Ke7 55. Nb3 Kd7 56. Nd2 Kc7 57. Ke5 Ne8 58. Ne4 Kd7 59. Nf6+ Nxf6 60. Kxf6 Ke8 61. Ke5 Ke7 62. a6 Kd7 63. Kf6 Ke8 64. f5 gxf5 65. Kxf5 Ke7 66. Ke5 Kd7 67. Kf6 Ke8 68. Kg7 Ke7 69. Kg8 Ke6 70. Kf8 Kf5 71. Kxf7 Kxg5 72. Ke6 Kf4 73. Kd6 Ke4 74. Kxc6 Ke5 75. b5 Ke6 76. b6 axb6 77. a7 1-0

[Event "*** Titled Tuesday Blitz"]
[Site "Chess.com"]
[Date "2020.04.07"]
[Round "3"]
[White "WIDBIFS"]
[Black "malandragem"]
[Result "1-0"]
[WhiteElo "2792"]
[BlackElo "2473"]
[TimeControl "180+1"]
[EndTime "13:31:16 PDT"]
[Termination "WIDBIFS won by resignation"]

1. d4 Nf6 2. Nf3 g6 3. g3 Bg7 4.
Bg2 O-O 5. O-O d6 6. c4 Nc6 7.
Nc3 Bf5 8. Nh4 Bd7 9. f4 Na5 10. Qd3 c5 11. dxc5 dxc5 12. Be3 Rc8 13. Rad1 Bc6 14. b3 Ng4 15. Bxc6 Nxc6 16. Bxc5 Qxd3 17.
Rxd3 Nce5 18. fxe5 Rxc5 19. Nd5 Re8 20. Nf3 Nxe5 21.
Nxe5 Bxe5 22. Rfd1 b5 23. Ne3 bxc4 24. Nxc4 Bd6 25. Rd5 Rxd5 26. Rxd5 Bb4 27. Rd7 a5 28. Kf1 Rc8 29. a3 Bc3 30. Rd3 Bf6 31. Nxa5 e5 32.
Nc4 e4 33. Re3 Re8 34. g4 Bd4 35. Rh3 f5 36. gxf5 gxf5 37. Rh6 Kg7 38. Rd6 Bc5 39. Rd5 Be3 40. Rxf5 Bc1 41. a4 Rb8 42. Rb5 Rf8+ 43. Ke1 e3 44. Kd1 Bd2 45. a5 Rf1+ 46. Kc2 Rc1+ 47.
Kd3 Rc3+ 48. Ke4 Rc1 49. a6 Ra1 50. Rb6 h5 51. h4 Ra2 52. Rb7+ Kg6 53. a7 Bb4 54.
Ne5+ Kf6 55. Nc4 Bc5 56. Nxe3 Rxa7 57. Rxa7 Bxa7 58. Nd5+ Kg6 59. b4 Bb8 60. Nf4+ Kf6 61. e3 Kg7 62. Nxh5+ Kh6 63. Nf4 Kg7 64. b5 1-0

[Event "*** Titled Tuesday Blitz"]
[Site "Chess.com"]
[Date "2020.04.07"]
[Round "3"]
[White "chessintuit"]
[Black "Vusatiuk_Vladimir"]
[Result "1-0"]
[WhiteElo "2608"]
[BlackElo "2379"]
[TimeControl "180+1"]
[EndTime "13:31:17 PDT"]
[Termination "chessintuit won by resignation"]

1. e4 c5 2. Nf3 Nc6 3. d4 cxd4 4.
Nxd4 e5 5. Nb5 d6 6. N1c3 a6 7. Na3 b5 8. Nd5 Nf6 9. Bg5 Be7 10. Bxf6 Bxf6 11. c3 O-O 12. Nc2 Rb8 13. Ncb4 Bb7 14. Bd3 a5 15. Nxc6 Bxc6 16. O-O g6 17. c4 Bxd5 18. cxd5 Bg5 19. Qe2 Qb6 20. b3 Rfc8 21.
a4 b4 22. Bc4 Rf8 23. Ra2 f5 24. exf5 gxf5 25. Rc2 e4 26. Ba6 Qd4 27. Rc7 Qf6 28.
Bb5 Rf7 29. Qc4 Qd8 30. Rxf7 Kxf7 31. Qd4 Qe7 32. Re1 Rc8 33. f3 e3 34. f4 Bf6 35.
Qd3 Rc3 36. Qxf5 Kg7 37. Qg4+ Kh8 38. Bc4 Bd4 39. h3 Rc2 40. Re2 Rc1+ 41. Kh2 Qf7 42.
f5 Be5+ 43. g3 Rc3 44. Qe4 Qg7 45. Qf3 Qh6 46. Kg2 Bd4 47. Qe4 Be5 48. Qg4 Qf6 49. Qf3 Qg5 50. h4 Qh6 51. Qg4 Qf6 52. Qg5 Qxg5 53. hxg5 Kg7 54. Kf3 Bd4 55. Ke4 Bc5 56. Rh2 Rc1 57. f6+ Kg6 58. Be2 Rg1 59. Rh6+ Kxg5 60.
f7 Kxh6 61. f8=Q+ Kg6 62. Qf5+ Kg7 63. Qg5+ Kf7 64. Qf5+ Kg7 65. Qd7+ Kf6 66. Qd8+ Kg7 67. Kf3 Rh1 68. Qc7+ Kg6 69. Qxa5 Rh5 70. Qd8 Rxd5 71.
Qg8+ Kf6 72. Qxd5 1-0

[Event "*** Titled Tuesday Blitz"]
[Site "Chess.com"]
[Date "2020.04.07"]
[Round "3"]
[White "Bastiandash"]
[Black "1g41-0"]
[Result "0-1"]
[WhiteElo "1944"]
[BlackElo "2502"]
[TimeControl "180+1"]
[EndTime "13:31:17 PDT"]
[Termination "1g41-0 won by resignation"]

1. d4 Nf6 2. Nf3 e6 3. c3 d5 4.
Bg5 c5 5. e3 h6 6. Bh4 b6 7. Bd3 Nbd7 8. O-O Bb7 9. Nbd2 Be7 10. Ne5 Ne4 11. Bxe7 Qxe7 12. f3 Nxd2 13. Qxd2 Nxe5 14.
dxe5 f5 15. exf6 Qxf6 16. Bb5+ Ke7 17. e4 d4 18. cxd4 Qxd4+ 19. Qxd4 cxd4 20. Rfd1 e5 21. Rac1 Rac8 22. Kf1 g5 23. Ke2 Kd6 24. Kd2 a6 25. Bd3 b5 26. b4 Rc7 27. Rxc7 Kxc7 28. Rc1+ Kd6 29. Rc5 Rc8 30. Rxc8 Bxc8 31. a3 Be6 32. Ke2 Bc4 33. Kd2 h5 34. g3 Kc6 35. Bc2 Bf1 36. Bd1 Bg2 37. Ke1 Bh3 38. Kf2 Kd6 39. Be2 Be6 40. Ke1 Bf7 41. Kd2 Ke7 42. Bd1 Kf6 43. Be2 Be8 44. Bf1 Bc6 45. Bh3 Bb7 46. Bf5 Ke7 47. h4 Kf6 48. Kd3 Bc6 49. Kd2 Be8 50.
Kd3 Bf7 51. Kd2 Bg6 52. hxg5+ Kxg5 53. Be6 h4 54. gxh4+ Kxh4 55. Bc8 Kg3 56. Bxa6 Kxf3 57. Bxb5 Bxe4 58. Be2+ Kf2 59. b5 Bb7 60. a4 e4 61.
a5 e3+ 62. Kd1 Bf3 63. Bxf3 Kxf3 64. Ke1 d3 65. b6 e2 66. b7 Ke3 0-1

[Event "*** Titled Tuesday Blitz"]
[Site "Chess.com"]
[Date "2020.04.07"]
[Round "3"]
[White "Sjakkerntobi"]
[Black "LADIESGET2KNOWME"]
[Result "1-0"]
[WhiteElo "2255"]
[BlackElo "2440"]
[TimeControl "180+1"]
[EndTime "13:31:17 PDT"]
[Termination "Sjakkerntobi won on time"]

1. e4 e6 2. d4 d5 3. Nd2 Nf6 4. e5 Nfd7 5. Bd3 c5 6. c3 Nc6 7. Ne2 cxd4 8. cxd4 f6 9. exf6 Nxf6 10. Nf3 Bd6 11. Bf4 O-O 12. O-O Bxf4 13. Nxf4 Ne4 14.
Qc1 Ng5 15. Nxg5 Qxg5 16. Ne2 Qf6 17. Qe3 e5 18. dxe5 Nxe5 19. Bc2 Bf5 20. Bxf5 Qxf5 21. Nd4 Qf6 22. Qb3 Nc4 23. Rad1 Rf7 24. Qb5 Rd8 25.
b3 Ne5 26. Qa5 b6 27. Qd2 h6 28. f3 Rc7 29. Rc1 Rdc8 30. Rxc7 Rxc7 31. Nb5 Rd7 32. Nd4 Nc6 33. Rd1 Nxd4 34. Qxd4 Qc6 35. Qe5 Qc5+ 36.
Qd4 Kf7 37. Kf2 Ke6 38. Rd2 Qxd4+ 39. Rxd4 Rc7 40. Rd2 Ke5 41. Ke3 Rc3+ 42. Rd3 d4+ 43. Ke2 Rc2+ 44. Rd2 Rc1 45. Rd1 Rc5 46. g3 g5 47. Kd3 Kd5 48. Re1 Rc3+ 49. Kd2 Rxf3 50. Re2 a5 51. Rg2 a4 52. bxa4 Ra3 53. Kc1 Rxa4 54. h4 g4 55. Rf2 Ra3 56. Rf6 Rxg3 57.
Rxb6 Kc4 58. h5 Rg1+ 59. Kd2 Rg2+ 60. Kd1 Rxa2 61. Rg6 Kd3 62. Ke1 Rg2 63. Rxh6 g3 64. Kf1 Rf2+ 65. Kg1 Ke3 66. Rg6 Rf3 67. h6 d3 68. h7 d2 69. Re6+ Kf4 70. Rd6 g2 71.
Rxd2 Rh3 72. Rd4+ Kg3 73. Rd3+ Kg4 74. Rxh3 1-0

[Event "*** Titled Tuesday Blitz"]
[Site "Chess.com"]
[Date "2020.04.07"]
[Round "3"]
[White "MathiasWomacka"]
[Black "HarutyunianTigranK"]
[Result "0-1"]
[WhiteElo "2428"]
[BlackElo "2699"]
[TimeControl "180+1"]
[EndTime "13:31:19 PDT"]
[Termination "HarutyunianTigranK won on time"]

1. e4 e5 2. Nf3 Nc6 3. Bc4 Bc5 4. O-O Nf6 5. d3 O-O 6. h3 h6 7. c3 d6 8. Bb3 a5 9. Nbd2 Be6 10. Re1 Re8 11.
Nf1 Bxb3 12. Qxb3 Qd7 13. Be3 a4 14. Qc2 b5 15. Rad1 Bxe3 16. Nxe3 b4 17. Nd5 Nxd5 18.
exd5 Ne7 19. cxb4 Nxd5 20. a3 Qf5 21. Qc4 Nf4 22. Qe4 Qh5 23. d4 f5 24. Qe3 Nd5 25. Qc1 e4 26. Qc4 c6 27. Qxc6 Ne7 28. Qxd6 Rad8 29.
Qc7 Nd5 30. Qc6 exf3 31. Rxe8+ Qxe8 32. Qxe8+ Rxe8 33. gxf3 Re2 34. Rc1 Rxb2 35. Rc5 Nf4 36. Rxf5 Ne2+ 37. Kg2 Nxd4 38. Ra5 Rb3 39. Rxa4 Nxf3 40.
b5 Nh4+ 41. Rxh4 Rxb5 42. a4 Rb3 43. Rc4 Ra3 44. h4 Kf7 45. Kf1 Kg6 46. Ke2 Kf5 47.
Kd2 Rf3 48. Ke2 Ra3 49. Kd2 Ke5 50. Rg4 Kf5 51. Rxg7 Rxa4 52. Ke3 Rxh4 53. Ra7 Rb4 54. Kf3 Kg5 55. Kg3 Rb5 56. f3 Kf5 57. Ra6 h5 58. Ra8 Ke5 0-1

[Event "*** Titled Tuesday Blitz"]
[Site "Chess.com"]
[Date "2020.04.07"]
[Round "3"]
[White "TastyFrenchFries"]
[Black "mattcolins2025"]
[Result "1-0"]
[WhiteElo "2407"]
[BlackElo "2131"]
[TimeControl "180+1"]
[EndTime "13:31:20 PDT"]
[Termination "TastyFrenchFries won by resignation"]

1. e4 c5 2. Nf3 e6 3. c3 Nf6 4. d3 d5 5. Nbd2 dxe4 6. dxe4 Nc6 7. Be2 Bd6 8. O-O O-O 9. Re1 e5 10. Bb5 Ne7 11. Nc4 Bc7 12. Qxd8 Rxd8 13. Ncxe5 a6 14.
Bf1 Be6 15. Nd3 b6 16. Bf4 Rac8 17. Bxc7 Rxc7 18. Nf4 Bc8 19. a4 Ng6 20. Nxg6 hxg6 21. Bc4 Bb7 22. Ng5 Re7 23. f3 Rd2 24. Re2 Rxe2 25.
Bxe2 Rd7 26. Rd1 Rxd1+ 27. Bxd1 Bc6 28. Kf2 Kf8 29. Ke3 Ke7 30. Bb3 Be8 31. h4 b5 32.
axb5 axb5 33. Nh3 Nd7 34. Nf4 Kd6 35. Bc2 Nb6 36. b3 f6 37. Nd3 Bf7 38. f4 Be6 39. g3 Bf7 40. Nf2 Be6 41. Nd1 Kc6 42. Kd2 Bg4 43. Ne3 Be6 44. f5 Bf7 45. g4 gxf5 46. exf5 Nd7 47. Be4+ Kc7 48. b4 cxb4 49. cxb4 Ne5 50. Kc3 Kd6 51. g5 fxg5 52. hxg5 Be8 53. Kd4 Bc6 54. g6 Nd7 55. Bxc6 Kxc6 56. Ng4 Nf8 57.
Ke5 Kd7 58. Ne3 Ke7 59. Nd5+ Kd7 60. Nc3 Ke7 61. Nxb5 Nd7+ 62. Kd5 Kf6 63. Nd4 Nb6+ 64. Kc6 Nc8 65. b5 Ne7+ 66. Kc7 Nd5+ 67. Kd6 Nb6 68. Kc6 Nc8 69. b6 Ne7+ 70. Kd6 Nc8+ 71. Kc7 Nxb6 72.
Kxb6 Ke5 73. Kc5 Kf4 74. Kd5 Kg5 75. Ke5 Kh6 76. Ne6 Kh5 77. Nxg7+ Kg4 78. Ne6 Kf3 79. g7 Ke2 80. g8=Q Kd2 81. f6 1-0

[Event "*** Titled Tuesday Blitz"]
[Site "Chess.com"]
[Date "2020.04.07"]
[Round "3"]
[White "serhanberat_ozdemir"]
[Black "petrpalachev"]
[Result "0-1"]
[WhiteElo "2465"]
[BlackElo "2753"]
[TimeControl "180+1"]
[EndTime "13:31:21 PDT"]
[Termination "petrpalachev won by resignation"]

1. e4 c6 2. d4 d5 3. exd5 cxd5 4.
c4 Nf6 5. Nc3 e6 6. Nf3 Bb4 7. Bd3 dxc4 8. Bxc4 O-O 9. O-O b6 10. Bg5 Bb7 11. Ne5 Nc6 12. Be3 Rc8 13. Bb3 Bd6 14. f4 Ne7 15. Qe2 Ned5 16. Nxd5 Bxd5 17.
Rac1 Bxb3 18. axb3 Qe7 19. Qa6 Rxc1 20. Rxc1 Nd5 21.
Qd3 Qb7 22. Qe4 Rc8 23. h3 Rxc1+ 24. Bxc1 Qc8 25. Nc4 Bb8 26. Bd2 b5 27. Ne5 a6 28. Nd3 Bd6 29. f5 Nf6 30. Qf3 exf5 31. Bf4 Bf8 32. b4 Ne4 33. Nc5 Qc6 34. Kh1 g6 35.
Nxe4 fxe4 36. Qe3 Qd5 37. Kh2 f5 38. Be5 Bxb4 39. Qf4 Bf8 40. Qg5 Qe6 41. Qf4 h6 42. g4 Kh7 43. Kg3 Qb3+ 44. Kh2 Qxb2+ 45. Kg1 Qa1+ 46.
Kh2 Qa2+ 47. Kg1 Qe6 48. gxf5 Qxf5 49. Qc1 Qg5+ 50. Qxg5 hxg5 51. Kf2 Bg7 52. Ke3 Bxe5 53. dxe5 Kg7 54. Kxe4 Kf7 55. Kd5 Ke7 56. h4 gxh4 57. Ke4 g5 58. Kf3 h3 59. Kg4 h2 0-1

[Event "*** Titled Tuesday Blitz"]
[Site "Chess.com"]
[Date "2020.04.07"]
[Round "3"]
[White "CarlosAlbornoz"]
[Black "LilRag"]
[Result "0-1"]
[WhiteElo "2720"]
[BlackElo "2371"]
[TimeControl "180+1"]
[EndTime "13:31:21 PDT"]
[Termination "LilRag won by resignation"]

1. e4 c5 2. Nf3 d6 3. d4 cxd4 4. Nxd4 Nf6 5. Nc3 Nc6 6. Bg5 e6 7. Qd2 Be7 8. O-O-O Qb6 9. Ndb5 O-O 10. f3 Rd8 11. Be3 Qa5 12. g4 a6 13. Nd4 Nxd4 14. Bxd4 b5 15. a3 Bb7 16. Kb1 Qc7 17. g5 Nd7 18. h4 Rac8 19. h5 d5 20. g6 e5 21.
gxf7+ Kh8 22. Bf2 d4 23. Nd5 Bxd5 24. exd5 Bf6 25. Bd3 Nb6 26. Bh4 Qxf7 27. Rdg1 Nxd5 28. Bg6 Qe7 29. Bxf6 Qxf6 30. Be4 Ne3 31. Rh2 Rc7 32. Qd3 Qh6 33. Qe2 Rdc8 34. Rc1 Qd6 35. Qd3 h6 36. Rhh1 Qe6 37. Rhg1 Qc4 38. Qd2 Qc5 39. Qh2 b4 40. axb4 Qxb4 41. Qxe5 Nc4 42. Qxd4 Na3+ 43. Ka2 Qxd4 44. bxa3 Rc3 45. Rb1 Qc4+ 46. Rb3 Rxc2+ 47. Bxc2 Qxc2+ 48. Rb2 Qc4+ 49. Ka1 Qd4 50. Rb1 Rc2 51. f4 Rxb2 52. Rxb2 Qxf4 53. a4 Qxa4+ 54. Kb1 Qd1+ 55. Ka2 Qd5+ 56. Kb1 Qxh5 57. Ka1 Qe5 58. Ka2 Qxb2+ 59. Kxb2 Kh7 60. Kc3 g5 61. Kd2 Kg6 62. Ke3 h5 63. Kf3 a5 64. Kg2 a4 65. Kf3 a3 66. Ke2 Kf5 67. Ke3 a2 68. Kd4 a1=Q+ 69. Kc5 Qc1+ 0-1

[Event "*** Titled Tuesday Blitz"]
[Site "Chess.com"]
[Date "2020.04.07"]
[Round "3"]
[White "IMDT02"]
[Black "floplover"]
[Result "1-0"]
[WhiteElo "2470"]
[BlackElo "2246"]
[TimeControl "180+1"]
[EndTime "13:31:24 PDT"]
[Termination "IMDT02 won by checkmate"]

1. d4 Nf6 2. Bf4 e6 3. e3 d5 4. Nd2 c5 5. c3 Bd6 6. Bg3 Qc7 7. Ngf3 Nbd7 8. Bd3 O-O 9. O-O e5 10. dxe5 Nxe5 11.
Nxe5 Bxe5 12. Bxe5 Qxe5 13. Nf3 Qe7 14. c4 Be6 15. Qe2 Rad8 16. Rac1 Rfe8 17. Rfd1 b6 18. b3 h6 19. h3 Bc8 20. cxd5 Nxd5 21. Bb5 Rf8 22. Bc4 Bb7 23. Bd3 Nb4 24. Bb1 Ba6 25.
Qb2 Rxd1+ 26. Rxd1 Rd8 27. Rxd8+ Qxd8 28. a3 Qd1+ 29. Kh2 Nd3 30. Bxd3 Qxd3 31. Qe5 Qd7 32. a4 Kh7 33. Nh4 Bd3 34. e4 Bc2 35. Nf5 f6 36.
Qc3 Bxe4 37. Ng3 Bg6 38. f3 Qd6 39. h4 a6 40. Kh3 h5 41. Qe3 b5 42. axb5 axb5 43. f4 c4 44. f5 Bf7 45. Qa7 Qd5 46.
bxc4 bxc4 47. Qc7 Kg8 48. Qc8+ Kh7 49. Qc7 Be8 50. Qe7 Bc6 51. Qe2 c3 52. Qxh5+ Kg8 53. Qe2 c2 54. Qxc2 Bd7 55. Qf2 Qe5 56. Qf3 Kf7 57. Qg4 Qd5 58. h5 Bc6 59. Qe2 Bd7 60.
Qf2 Bc6 61. Qa7+ Kg8 62. Qf2 Kh7 63. Qe2 Bd7 64. Qg4 Bc6 65. Ne2 Qd3+ 66. Kh2 Bd7 67.
Qg6+ Kh8 68. h6 gxh6 69. Qxh6+ Kg8 70. Qg6+ Kf8 71. Qxf6+ Ke8 72. Ng3 Qd5 73. Qh8+ Ke7 74. f6+ Kd6 75. Qg7 Bc6 76. Qe7# 1-0

[Event "*** Titled Tuesday Blitz"]
[Site "Chess.com"]
[Date "2020.04.07"]
[Round "3"]
[White "kleopl"]
[Black "Anna_ChessMate"]
[Result "0-1"]
[WhiteElo "2397"]
[BlackElo "2619"]
[TimeControl "180+1"]
[EndTime "13:31:25 PDT"]
[Termination "Anna_ChessMate won on time"]

1. c4 c6 2. Nc3 d5 3. e3 Nf6 4. Nf3 e6 5. b3 Bd6 6. Bb2 Qe7 7.
d4 Nbd7 8. Bd3 O-O 9. O-O dxc4 10. Bxc4 e5 11. dxe5 Nxe5 12. Nxe5 Bxe5 13. Qc2 Bxh2+ 14.
Kxh2 Ng4+ 15. Kg3 Qe5+ 16. Kf3 Nh2+ 17. Ke2 Bg4+ 18. f3 Bf5 19. Bd3 Nxf1 20. Kxf1 Bxd3+ 21. Qxd3 Rad8 22. Qe2 Qh2 23. Kf2 f5 24. Rd1 f4 25.
exf4 Rde8 26. Qc4+ Kh8 27. Ne2 b5 28. Qd3 Qh4+ 29. Kg1 Rd8 30. Qc2 h6 31. Be5 Rxd1+ 32. Qxd1 Rd8 33. Qa1 Qe7 34. Nd4 Kh7 35. Kh1 Qh4+ 36.
Kg1 c5 37. Nf5 Qh5 38. Nxg7 Qg6 39. f5 Qg5 40. Qb1 Kg8 41. f4 Qg4 42. Qb2 Rd1+ 43.
Kf2 Qh4+ 44. Kf3 Rf1+ 45. Ke4 Rd1 46. Qe2 Re1 47. Qxe1 Qxe1+ 48. Kd5 Qd1+ 49. Ke6 Qg4 50. Ke7 Qxg2 51. f6 Qb7+ 52. Ke6 Qf7+ 53. Kf5 c4 54. bxc4 bxc4 55. Ne6 Qh7+ 56. Kg4 Kf7 57.
Nd8+ Ke8 58. Nc6 Qd7+ 0-1

[Event "*** Titled Tuesday Blitz"]
[Site "Chess.com"]
[Date "2020.04.07"]
[Round "3"]
[White "stoleriu"]
[Black "manmanlai1"]
[Result "0-1"]
[WhiteElo "2554"]
[BlackElo "2311"]
[TimeControl "180+1"]
[EndTime "13:31:25 PDT"]
[Termination "manmanlai1 won by resignation"]

1. e4 c6 2. Nc3 d5 3. d4 dxe4 4.
Nxe4 Nf6 5. Nxf6+ exf6 6. c3 Bd6 7. Bd3 O-O 8. Ne2 Re8 9. O-O Nd7 10. Qc2 Nf8 11.
Be3 Qc7 12. h3 h5 13. Rfe1 h4 14. Rad1 Be6 15. c4 Rad8 16. c5 Bh2+ 17. Kh1 Qb8 18. b4 Bc7 19. Ng1 Bd5 20. Bc4 Qc8 21.
Bxd5 Rxd5 22. Nf3 g5 23. Nh2 Kg7 24. Ng4 Ng6 25. Qc3 f5 26. Nh2 f6 27. Bc1 Bxh2 28.
Kxh2 a6 29. Bb2 Re4 30. Qf3 Qe6 31. Re3 Rd8 32. Rde1 Re8 33. a3 Qd5 34. Rxe4 fxe4 35. Qe2 Kh6 36. Bc1 Qxd4 37. Qg4 Qd5 38. Rd1 Qe5+ 39.
Kh1 Nf4 40. Bxf4 Qxf4 41. Qd7 Qe5 42. Re1 Re7 43. Qd6 Kg6 44. Qxe5 Rxe5 45. Kg1 Kf5 46. Rd1 Rd5 47. Re1 Ke5 48. f3 f5 49. fxe4 fxe4 50. Rf1 Rd3 51. Rf8 Rxa3 52. Rf7 Rb3 53. Rxb7 Kd4 54. Rb6 e3 55. Kf1 Rb1+ 56. Ke2 Rb2+ 57.
Kf3 Rf2+ 58. Kg4 e2 59. Rxc6 e1=Q 60. Rd6+ Kc4 61. c6 Rxg2+ 62. Kh5 Qe2+ 63. Kh6 Qe7 64. Rd7 Qe6+ 65. Kh7 Qxc6 0-1

[Event "*** Titled Tuesday Blitz"]
[Site "Chess.com"]
[Date "2020.04.07"]
[Round "3"]
[White "grzechu96"]
[Black "Angel_Hranitel_37"]
[Result "0-1"]
[WhiteElo "2583"]
[BlackElo "2343"]
[TimeControl "180+1"]
[EndTime "13:31:29 PDT"]
[Termination "Angel_Hranitel_37 won by checkmate"]

1. e4 c5 2. Nf3 e6 3. d4 cxd4 4.
Nxd4 Nf6 5. Nc3 Nc6 6. a3 Be7 7. Be2 O-O 8. Be3 d5 9. exd5 Nxd5 10. Nxd5 Qxd5 11. Bf3 Qa5+ 12. Bd2 Qe5+ 13. Be3 Rd8 14. c3 Nxd4 15. cxd4 Qa5+ 16. b4 Qb5 17. Qe2 Qa4 18.
O-O Bd7 19. Bxb7 Rab8 20. Ba6 Rb6 21. Bd3 Rd6 22. Rfd1 Bf6 23. h3 Bc6 24. Qg4 g6 25. Be2 Qc2 26. Rac1 Qb2 27. Bf4 h5 28. Qg3 Rxd4 29.
Rxd4 Rxd4 30. Bxh5 Bh4 31. Qe3 Rxf4 32. Qxf4 Bxf2+ 33. Kh2 Bd4 34. Qg5 Be5+ 35. Kh1 Bxg2+ 36. Qxg2 Qxc1+ 37. Qg1 Qxa3 38. Bg4 Qxb4 39. Qxa7 Qf4 40.
Qa8+ Kg7 41. Qg2 f5 42. Be2 Qc1+ 43. Bf1 Kf6 44. Qf3 Qg5 45. Bg2 Qh4 46. Bf1 Qe1 47. Kg2 g5 48. Kh1 Qc1 49. Qg2 Qf4 50. Be2 Qe3 51.
Bf1 Qf4 52. Be2 Bd6 53. Bf1 e5 54. Bc4 e4 55. Qb2+ Be5 56. Qb6+ Bd6 57. Qd4+ Kg6 58. Bd5 Qh2# 0-1